 Dungeon Crawl Stone Soup version 0.24-a0-290-gbb66a672fa (webtiles) character file.

Game seed: 10555461046969601360

9382 Redear the Fighter (level 11, -4/89 HPs)
             Began as a Demonspawn Chaos Knight on May 8, 2019.
             Was a Plaything of Xom.
             Slain by a very large slime creature (44 damage)
             ... on level 12 of the Dungeon.
             The game lasted 00:23:27 (12509 turns).

Redear the Fighter (Demonspawn Chaos Knight)       Turns: 12509, Time: 00:23:27

Health: -4/89      AC: 15    Str: 21    XL:     11   Next: 22%
Magic:  0/12       EV: 13    Int: 15    God:    Xom [...*..]
Gold:   757        SH: 11    Dex: 12    Spells: 10/10 levels left

rFire    + . .     SeeInvis +   e - +2 whip (elec)
rCold    + + +     Gourm    .   I - +2 shield
rNeg     + . .     Faith    .   b - +2 leather armour
rPois    +         Spirit   +   (helmet restricted)
rElec    +         Reflect  .   (no cloak)
rCorr    .         Harm     .   (no gloves)
MR       ++...                  (no boots)
Stlth    +.........             q - amulet of Syndicalism {Spirit *Drain rElec rN+ MR++}
HPRegen  0.24/turn              f - ring of protection from fire {rF+}
MPRegen  0.13/turn              s - ring of see invisible {SInv}

@: sanguine armour
A: hooves 2, horns 1, blink, clever 1, cold resistance 3, high mp 1, poison
resistance, powered by pain 1, strong 2, rot immunity, MP-powered wands,
sanguine armour 2
a: Blink, Renounce Religion


You were on level 12 of the Dungeon.
You worshipped Xom.
You were a favourite toy of Xom.
You were not hungry.

You visited 1 branch of the dungeon, and saw 12 of its levels.

You collected 757 gold pieces.

Inventory:

Hand Weapons
 a - a +0 hand axe of chaos
 e - a +2 whip of electrocution (weapon)
Armour
 b - a +2 leather armour (worn)
 j - a +0 cloak
 D - a +0 pair of boots
 E - a +0 buckler
 F - a +0 cloak
 I - a +2 shield (worn)
Jewellery
 f - a ring of protection from fire (left hand) {rF+}
 p - an uncursed ring of protection from fire {rF+}
 q - the amulet of Syndicalism (around neck) {Spirit *Drain rElec rN+ MR++}
   (You found it on level 4 of the Dungeon)

   [amulet of guardian spirit]

   It causes incoming damage to be split between your health and magic.
   It insulates you from electricity.
   It protects you from negative energy.
   It affects your resistance to hostile enchantments.
   It causes draining when unequipped.
 s - a ring of see invisible (right hand) {SInv}
 G - a cursed -2 ring of dexterity {unknown}
Wands
 g - a wand of random effects (18)
 t - a wand of disintegration (11)
 y - a wand of polymorph (10)
 O - a wand of clouds (4)
 V - a wand of flame (39)
Scrolls
 c - 3 scrolls of amnesia
 h - 2 scrolls of vulnerability
 i - 3 scrolls of enchant weapon
 k - 2 scrolls of immolation
 m - a scroll of random uselessness {unknown}
 r - 2 scrolls of blinking {unknown}
 v - a scroll of noise {unknown}
 x - a scroll of silence {unknown}
 C - a scroll of enchant armour {unknown}
 H - a scroll of acquirement {unknown}
 N - 7 scrolls of remove curse {@r2}
 R - 2 scrolls of identify {@r1}
 T - 3 scrolls of teleportation {@r3}
Potions
 d - a potion of degeneration {!q}
 l - 4 potions of flight
 n - a potion of cancellation
 o - a potion of brilliance {unknown}
 u - a potion of might {Str+5 DMG+1d10 | @q3}
 w - a potion of lignification {unknown}
 A - 2 potions of mutation {unknown}
 B - a potion of resistance {unknown}
 J - a potion of berserk rage {unknown}
 Q - 4 potions of curing {@q2}
Comestibles
 z - 17 rations
 K - a chunk of flesh


   Skills:
 + Level 9.3 Fighting
 + Level 8.4 Axes
 + Level 8.2 Armour
 + Level 8.0 Dodging
 + Level 2.7 Shields


You had 10 spell levels left.
You didn't know any spells.
Your spell library contained the following spells:

 Spells                   Type           Power        Failure   Level  Hunger
 Animate Skeleton         Necr           N/A          83%         1    ##.....
 Apportation              Tloc           #.....       83%         1    ##.....
 Confusing Touch          Hex            #.....       83%         1    ##.....
 Shock                    Conj/Air       #...         83%         1    ##.....
 Summon Small Mammal      Summ           #...         83%         1    ##.....
 Swiftness                Chrm/Air       #.......     92%         2    ###....
 Confuse                  Hex            #.......     99%         3    ####...
 Gell's Gravitas          Tloc           #.........   99%         3    ####...
 Static Discharge         Conj/Air       #.......     99%         3    ####...
 Airstrike                Air            #.........   100%        4    #####..
 Petrify                  Tmut/Erth      #.......     100%        4    #####..
 Lightning Bolt           Conj/Air       #.........   100%        5    ######.
 Metabolic Englaciation   Hex/Ice        #.........   100%        5    ######.
 Yara's Violent Unravell  Hex/Tmut       #.........   100%        5    ######.


Dungeon Overview and Level Annotations

Branches:
Dungeon (12/15)            Temple (0/1) D:5            Lair (0/6) D:8
    Orc (0/2) D:11

Altars:
Gozag
Hepliaklqana
Kikubaaqudgha
Makhleb
Ru
Trog
Uskayaw
Vehumet
Wu Jian
Xom
Yredelemnul
The Shining One

Shops:
D:7 (   D:9 :

Annotations:
D:11 Snorg
D:12 2 transporters, Zero's ghost, journeyman GrBe


Innate Abilities, Weirdness & Mutations

You have hoof-like feet.
You sometimes gain a little power by taking damage.
You are immune to rotting.
When seriously injured, your bleeding wounds create thick armour. (AC +9)
You have a pair of small horns on your head.
You can translocate small distances at will.
Your mind is acute. (Int +2)
Your flesh is almost immune to the effects of cold. (rC+++)
You have an increased reservoir of magic. (+10% MP)
Your system is resistant to poisons. (rPois)
Your muscles are very strong. (Str +4)
You expend magic power (3 MP) to strengthen your wands.


Message History

The slime creature is almost dead.
The bullfrog skeleton hits your iron imp.
Your iron imp dies!
The slime creature hits you!
You take 6 damage, and have 50/89 hp.
You now have 9/12 mp.
You hit the slime creature.
Lightning courses through the slime creature!
You kill the slime creature!
You block the very large slime creature's attack.
You block the bullfrog skeleton's attack.
You hit the bullfrog skeleton.
The bullfrog skeleton is severely damaged.
The very large slime creature hits you! The bullfrog skeleton hits you.
You take 11 damage, and have 40/89 hp.
You now have 7/12 mp.
You hit the bullfrog skeleton.
The bullfrog skeleton is severely damaged.
You block the bullfrog skeleton's attack.
The very large slime creature hits you!!!
You die...
Xom laughs nastily!

#.##.##y.# .. #..#.###y.
#. ##.#..#### ######.##
#.##..### ........#
#.###.... ........#
###'####### ........#
#.......### .....(.J###
#.......##. .......Z@5#
#.......#.. ....>...#5##
#.......'.#
...(....#55####.......###
........##....'.......#
###############.......#
######'## #....#
#######.####
#.......†..####


You could see a very large slime creature, a bullfrog skeleton, a friendly iron
imp, a friendly white imp and 2 friendly ufetubi.

Vanquished Creatures
  Nergalle (D:11)
  A manticore (D:12)
  Maurice (D:11)
  Psyche (D:11)
  3 trolls
  A meliai (shapeshifter) (D:8)
  A slime creature (D:12)
  A hippogriff (D:8)
  A spriggan (D:8)
  A wyvern (D:11)
  A wraith (D:10)
  A hungry ghost (D:10)
  Grum (D:11)
  A soldier ant (D:12)
  4 water moccasins
  2 orc warriors
  A black bear (D:6)
  2 necrophages
  2 ice beasts
  2 ogres
  2 phantoms
  4 sky beasts
  An eye of draining (D:11)
  7 wolves
  3 centaurs
  3 big kobolds
  6 bullfrogs
  A gnoll sergeant (D:10)
  3 scorpions
  A wyvern skeleton (D:11)
  3 killer bees (D:8)
  4 wights (D:8)
  2 electric eels (D:8)
  A vampire bat (D:3)
  A howler monkey (D:8)
  6 crimson imps
  2 bullfrog zombies
  12 hounds
  6 orc priests
  3 bullfrog skeletons
  A jelly (D:11)
  9 orc wizards
  3 centaur skeletons
  2 iguanas
  Ijyb (D:5)
  10 worker ants
  A killer bee zombie (D:7)
  A hound skeleton (D:10)
  9 adders
  3 gnolls (D:10)
  2 oozes
  An adder zombie (D:6)
  3 worms
  6 leopard geckos
  35 orcs
  5 bats (D:1)
  2 bat skeletons (D:3)
  4 bat zombies (D:3)
  5 giant cockroaches
  12 goblins
  6 hobgoblins
  7 jackals
  7 quokkas
  9 frilled lizards
  A giant cockroach zombie (D:6)
  14 kobolds
  A leopard gecko skeleton (D:5)
  15 rats
275 creatures vanquished.

Vanquished Creatures (others)
  A hungry ghost (D:4)
  2 orcs
3 creatures vanquished.

Grand Total: 278 creatures vanquished

Notes
Turn   | Place    | Note
-------+----------+-------------------------------------------
     0 | D:1      | Redear the Demonspawn Chaos Knight began the quest for the
                  | Orb.
     0 | D:1      | Reached XP level 1. HP: 18/18 MP: 1/1
    38 | D:1      | Reached skill level 1 in Dodging
   167 | D:1      | Reached skill level 2 in Armour
   167 | D:1      | Gained mutation: You are immune to rotting. [demonic
                  | ancestry]
   167 | D:1      | Reached XP level 2. HP: 24/24 MP: 2/2
   206 | D:1      | XOM: divination: detect creatures
   369 | D:1      | Reached skill level 3 in Axes
   432 | D:1      | XOM: cast spell 'Summon Butterflies'
   588 | D:1      | Reached XP level 3. HP: 29/29 MP: 3/3
   850 | D:2      | Found an opulent altar of Gozag.
   995 | D:2      | Reached XP level 4. HP: 27/35 MP: 4/4
  1015 | D:2      | XOM: harmless Ice miscast
  1183 | D:2      | XOM: harmless Fire miscast
  1589 | D:3      | Noticed an ice beast
  1608 | D:3      | Killed an ice beast
  1608 | D:3      | Reached skill level 2 in Dodging
  1608 | D:3      | Gained mutation: When seriously injured, your bleeding
                  | wounds create armour. (AC +9) [demonic ancestry]
  1608 | D:3      | Reached XP level 5. HP: 22/42 MP: 5/5
  1637 | D:3      | XOM: harmless Chrm miscast
  1643 | D:3      | XOM: harmless Summ miscast
  1698 | D:3      | Reached skill level 4 in Fighting
  1719 | D:3      | Reached skill level 3 in Armour
  1723 | D:3      | Found an ancient bone altar of Kikubaaqudgha.
  1735 | D:3      | XOM: mild Necr miscast
  1918 | D:3      | XOM: god gift: 6 tomahawks of dispersal
  2133 | D:3      | XOM: noise
  2226 | D:4      | XOM: blink monster(s)
  2227 | D:4      | Reached XP level 6. HP: 30/48 MP: 6/6
  2238 | D:4      | XOM: fog
  2247 | D:4      | Reached skill level 4 in Axes
  2267 | D:4      | XOM: 4-stop teleportation journey
  2652 | D:4      | Noticed a hungry ghost
  2663 | D:4      | Reached skill level 3 in Dodging
  2664 | D:4      | XOM: cleaving
  2665 | D:4      | Killed a hungry ghost
  2665 | D:4      | XOM: divine lightning
  2757 | D:4      | Got a slimy tin amulet
  2782 | D:4      | XOM: enchant monster (good)
  2795 | D:4      | XOM: give mutations
  2795 | D:4      | Gained mutation: You expend magic power (3 MP) to
                  | strengthen your wands. [Xom's grace]
  2795 | D:4      | Gained mutation: Your flesh is cold resistant. (rC+) [Xom's
                  | grace]
  2795 | D:4      | Gained mutation: Your flesh is very cold resistant. (rC++)
                  | [Xom's grace]
  2795 | D:4      | Gained mutation: Your flesh is almost immune to the effects
                  | of cold. (rC+++) [Xom's grace]
  2947 | D:4      | Found a sacrificial altar of Ru.
  2962 | D:5      | Entered Level 5 of the Dungeon
  2987 | D:5      | Noticed Ijyb
  3079 | D:5      | XOM: repel stairs
  3083 | D:5      | Gained mutation: You have large cloven feet. [demonic
                  | ancestry]
  3083 | D:5      | Reached XP level 7. HP: 20/55 MP: 7/7
  3100 | D:5      | Identified the amulet of Syndicalism {Spirit *Drain rElec
                  | rN+ MR++} (You found it on level 4 of the Dungeon)
  3109 | D:5      | XOM: noise
  3165 | D:5      | XOM: harmless Summ miscast
  3293 | D:5      | XOM: scenery: create altars
  3382 | D:5      | Found a staircase to the Ecumenical Temple.
  3402 | D:5      | XOM: divination: detect creatures
  3404 | D:5      | Reached skill level 5 in Fighting
  3404 | D:5      | Reached skill level 4 in Armour
  3477 | D:5      | XOM: divine lightning
  3538 | D:4      | XOM: give mutation
  3538 | D:4      | Gained mutation: You have a pair of small horns on your
                  | head. [Xom's grace]
  3647 | D:4      | XOM: scenery: create altars
  3659 | D:4      | XOM: medium Ice miscast
  3755 | D:5      | XOM: 2-stop teleportation journey
  3790 | D:5      | XOM: 5-stop teleportation journey
  3849 | D:5      | XOM: harmless Erth miscast
  3880 | D:5      | Reached skill level 4 in Dodging
  3952 | D:5      | Reached skill level 5 in Axes
  4068 | D:5      | Found a hide-covered altar of Uskayaw.
  4072 | D:5      | Reached XP level 8. HP: 52/63 MP: 5/8
  4310 | D:5      | XOM: summons 4 hostile shadow creatures
  4535 | D:5      | Killed Ijyb
  4910 | D:6      | Reached skill level 6 in Fighting
  4910 | D:6      | Reached skill level 5 in Armour
  5111 | D:6      | XOM: harmless Ice miscast
  5120 | D:6      | XOM: silly message
  5155 | D:6      | XOM: 2-stop teleportation journey
  5184 | D:6      | XOM: stat loss: -1 Dex (11/12)
  5227 | D:6      | XOM: cloud trail
  5277 | D:6      | XOM: scenery: 2 doors open
  5290 | D:6      | XOM: 1-stop teleportation journey
  5472 | D:6      | XOM: divination: magic mapping
  5481 | D:6      | Reached skill level 5 in Dodging
  5652 | D:7      | XOM: enchant monster (good)
  5657 | D:7      | XOM: divination: detect items
  5934 | D:7      | XOM: enchant monster (good)
  5948 | D:7      | Reached skill level 6 in Axes
  5948 | D:7      | Gained mutation: You sometimes gain a little power by
                  | taking damage. [demonic ancestry]
  5948 | D:7      | Reached XP level 9. HP: 71/71 MP: 9/9
  6354 | D:7      | Found a burning altar of Makhleb.
  6487 | D:7      | XOM: give mutations
  6487 | D:7      | Gained mutation: You have a pair of horns on your head.
                  | [Xom's grace]
  6487 | D:7      | Gained mutation: Your muscles are strong. (Str +2) [Xom's
                  | grace]
  6536 | D:7      | Found Imuofal's Antique Weapon Shop.
  6603 | D:7      | Reached skill level 7 in Fighting
  6603 | D:7      | Reached skill level 6 in Armour
  7139 | D:8      | XOM: give mutations
  7139 | D:8      | Gained mutation: You have an increased reservoir of magic.
                  | (+10% MP) [Xom's grace]
  7139 | D:8      | Gained mutation: Your muscles are very strong. (Str +4)
                  | [Xom's grace]
  7327 | D:8      | Noticed a troll
  7335 | D:8      | XOM: mild Chrm miscast
  7338 | D:8      | a troll changed into a shapeshifter
  7338 | D:8      | XOM: polymorph troll -> shapeshifter
  7338 | D:8      | Noticed a black mamba
  7338 | D:8      | a shapeshifter changed into a black mamba
  7342 | D:8      | XOM: enchant monster (bad)
  7345 | D:8      | Noticed a meliai
  7345 | D:8      | a black mamba changed into a meliai
  7346 | D:8      | Killed a meliai
  7346 | D:8      | Reached skill level 6 in Dodging
  7457 | D:8      | XOM: medium Chrm miscast
  7547 | D:8      | Found a staircase to the Lair.
  7551 | D:8      | XOM: give mutations
  7551 | D:8      | Gained mutation: Your system is resistant to poisons.
                  | (rPois) [Xom's grace]
  7551 | D:8      | Gained mutation: Your mind is acute. (Int +2) [Xom's grace]
  7551 | D:8      | Gained mutation: You can translocate small distances at
                  | will. [Xom's grace]
  7560 | D:8      | XOM: mild Ice miscast
  7613 | D:8      | XOM: silly message
  7625 | D:8      | XOM: harmless Fire miscast
  7797 | D:8      | Reached skill level 7 in Axes
  7995 | D:8      | Found a basalt altar of Yredelemnul.
  7996 | D:8      | Found a glowing golden altar of the Shining One.
  7996 | D:8      | Found a bloodstained altar of Trog.
  7996 | D:8      | Found a hazy altar of Hepliaklqana.
  8014 | D:8      | Found a radiant altar of Vehumet.
  8027 | D:8      | Found a shimmering altar of Xom.
  8235 | D:8      | Gained mutation: You have hoof-like feet. [demonic
                  | ancestry]
  8235 | D:8      | Reached XP level 10. HP: 61/80 MP: 9/11
  8262 | D:8      | XOM: fake destruction
  8505 | D:9      | Found an ornate altar of the Wu Jian Council.
  8524 | D:9      | XOM: 1-stop teleportation journey
  8552 | D:9      | Reached skill level 8 in Fighting
  8686 | D:9      | XOM: silly message
  8691 | D:9      | Reached skill level 7 in Armour
  8821 | D:9      | You fall through a shaft for 2 floors!
  8916 | D:11     | Noticed Grum
  8923 | D:11     | XOM: divination: magic mapping
  8933 | D:11     | XOM: chaos cloud
  8936 | D:11     | XOM: smoke on damage
  8943 | D:11     | XOM: summons 4 hostile demons
  8944 | D:11     | Noticed a soul eater
  9199 | D:11     | Noticed Maurice
  9205 | D:11     | XOM: enchant monster (bad)
  9208 | D:11     | XOM: mild Air miscast
  9241 | D:11     | Killed Maurice
  9241 | D:11     | Reached skill level 7 in Dodging
  9319 | D:10     | Entered Level 10 of the Dungeon
  9767 | D:10     | XOM: give mutation
  9767 | D:10     | Lost mutation: You have a pair of horns on your head.
                  | [Xom's mischief]
 10065 | D:10     | XOM: harmless Hex miscast
 10088 | D:10     | XOM: divination: magic mapping
 10130 | D:11     | Killed Grum
 10150 | D:11     | Reached skill level 8 in Axes
 10300 | D:9      | Reached skill level 1 in Shields
 10732 | D:9      | XOM: harmless Tmut miscast
 10802 | D:9      | Found Xiomoiwe's Book Emporium.
 11057 | D:10     | XOM is BORED!
 11057 | D:10     | XOM: harmless Summ miscast
 11073 | D:11     | Noticed Nergalle
 11085 | D:11     | Killed Nergalle
 11085 | D:11     | Reached skill level 9 in Fighting
 11150 | D:11     | XOM: potion effect (brilliance)
 11152 | D:11     | Reached skill level 8 in Armour
 11152 | D:11     | Reached skill level 2 in Shields
 11152 | D:11     | Gained mutation: When seriously injured, your bleeding
                  | wounds create thick armour. (AC +9) [demonic ancestry]
 11152 | D:11     | Reached XP level 11. HP: 82/89 MP: 12/12
 11237 | D:11     | Noticed Psyche
 11239 | D:11     | XOM: divination: detect items
 11245 | D:11     | XOM: harmless Tloc miscast
 11250 | D:11     | Killed Psyche
 11344 | D:11     | Found a staircase to the Orcish Mines.
 11359 | D:11     | Noticed Snorg
 11638 | D:11     | XOM: silly message
 11960 | D:12     | XOM: stealth player
 12022 | D:12     | XOM: divination: detect creatures
 12030 | D:12     | Found a transporter.
 12036 | D:12     | Found a transporter.
 12037 | D:12     | Noticed Zero's ghost (journeyman GrBe)
 12335 | D:12     | XOM: god gift: 38 gold pieces
 12353 | D:12     | XOM: confuse monster(s)
 12380 | D:12     | Reached skill level 8 in Dodging
 12473 | D:12     | XOM: scenery: create altars
 12492 | D:12     | XOM: summons 7 friendly demons
 12509 | D:12     | Slain by a very large slime creature

Levels and vault maps discovered:
D:1:      dpeg_arrival_subterranean_lakeside_camping, layout_rooms,
          st_stairs_13, grunt_decor_clamped, minmay_misc_feat_nine_boxes,
          chequers_serial_rivers_micro_b
D:2:      layout_loops_ring, lemuel_doored_altar
D:3:      layout_basic, kennysheep_vampire_church
D:4:      layout_cave_pools, nicolae_ru_path_of_blood
D:5:      layout_cave_pods, nicolae_overflow_crystal_walls,
          minmay_temple_entry_stoned_glass, first_ration, uniq_ijyb
D:6:      layout_gridville
D:7:      layout_rooms, lemuel_coloured_pillars_altar, serial_corexii_hall,
          corexii_hall_statues_deadend, chequers_hall_statues_y, serial_shops,
          shop, minmay_misc_feat_tower, minmay_starry_boxes
D:8:      layout_cave_pods, minmay_overflow_temple_hex, erik_lair_island,
          grunt_pizzeria
D:9:      layout_loops_corners, overflow_temple_1_default, serial_shops, shop
D:10:     layout_roguey, kennysheep_generic_room_13
D:11:     layout_roguey, orc_0_dummy, uniq_psyche, uniq_grum, uniq_maurice,
          uniq_snorg, uniq_nergalle
D:12:     layout_roguey, gammafunk_ghost_hive, minmay_liquid_box, minivault_26,
          corner_web_ring

Skill      XL: |  1  2  3  4  5  6  7  8  9 10 11 |
---------------+----------------------------------+-----
Dodging        | 1 2 3 4 5 6 7 8 |  8.0
Armour         | 2 3 4 5 6 8 |  8.2
Axes           | 3 4 5 6 7 8 |  8.4
Fighting       | 4 5 6 7 9 |  9.3
Shields        | 2 |  2.7

Action                   |  1- 3 |  4- 6 |  7- 9 | 10-12 || total
-------------------------+-------+-------+-------+-------++-------
Melee: Hand axe          |    23 |       |       |       ||    23
       Whip              |    97 |   150 |   440 |   335 ||  1022
       Kick              |       |       |   121 |   106 ||   227
       Headbutt          |       |       |    78 |    55 ||   133
Evoke: Wand              |       |     2 |       |       ||     2
  Use: Potion            |       |     1 |     2 |     1 ||     4
       Scroll            |       |       |     4 |     8 ||    12
 Stab: Sleeping          |     1 |       |       |       ||     1
       Petrified         |       |       |     8 |       ||     8
  Eat: Chunk             |       |     5 |    11 |    11 ||    27
       Ration            |       |     1 |     2 |     1 ||     4
Armor: Leather armour    |    44 |    66 |   136 |    55 ||   301
Dodge: Dodged            |    71 |   109 |   398 |   217 ||   795
Block: Shield            |       |       |       |    72 ||    72

Table legend:
 A = Non-vault XP
 B = Vault XP
 C = Vault XP percentage of total XP
 D = Non-vault monster count
 E = Vault monster count
 F = Vault count percentage of total count
                 A         B        C        D         E       F
            +---------+---------+-------+---------+---------+-------
      Total |    9759 |    3645 |  27.2 |     240 |      35 |  12.7
            +---------+---------+-------+---------+---------+-------
        D:1 |      32 |      10 |  23.8 |      23 |       7 |  23.3
        D:2 |      59 |       0 |   0.0 |      20 |       0 |   0.0
        D:3 |     160 |      67 |  29.5 |      15 |       7 |  31.8
        D:4 |     316 |       0 |   0.0 |      19 |       0 |   0.0
        D:5 |     857 |      36 |   4.0 |      20 |       1 |   4.8
        D:6 |     771 |       0 |   0.0 |      29 |       0 |   0.0
        D:7 |    1175 |     139 |  10.6 |      22 |       4 |  15.4
        D:8 |    1220 |     977 |  44.5 |      27 |       8 |  22.9
        D:9 |    1236 |       0 |   0.0 |      17 |       0 |   0.0
       D:10 |    1196 |       0 |   0.0 |      15 |       0 |   0.0
       D:11 |    1133 |    2416 |  68.1 |      22 |       8 |  26.7
       D:12 |    1604 |       0 |   0.0 |      11 |       0 |   0.0
            +---------+---------+-------+---------+---------+-------
